 Dungeon Crawl Stone Soup version 0.29-a0-473-gacb4ef3 (webtiles) character file.

Game seed: 17274273081088475934

512 Toastz the Bolt Thrower (level 7, -2/81 HPs)
             Began as a Formicid Arcane Marksman on May 23, 2022.
             Was an Initiate of Nemelex Xobeh.
             Slain by a black bear (3 damage)
             ... on level 5 of the Dungeon.
             The game lasted 00:16:23 (5077 turns).

Toastz the Bolt Thrower (Formicid Arcane Marksman)  Turns: 5077, Time: 00:16:23

Health: -2/81      AC: 23    Str: 12 (15) XL:     7   Next: 43%
Magic:  6/8        EV:  2    Int: 10 (12) God:    Nemelex Xobeh [......]
Gold:   198        SH:  0    Dex: 10 (13) Spells: 4/8 levels left

rFire   . . .      SeeInvis .   a - +0 hand crossbow
rCold   . . .      Faith    .   (no shield)
rNeg    . . .      Spirit   .   (body armour currently unavailable)
rPois   +          Reflect  .   (helmet unavailable)
rElec   .          Harm     .   (cloak currently unavailable)
rCorr   .          Rampage  .   (gloves currently unavailable)
Will    .....                   (boots currently unavailable)
Stlth   +.........              (no amulet)
HPRegen 0.23/turn               (no ring)
MPRegen 0.11/turn               (no ring)

@: tree-form, attractive
A: stationary, stasis, torment immunity, boosted hp, permanent stasis, dig
shafts and tunnels, (antennae 3), four strong arms
a: Renounce Religion, Draw Escape, Draw Destruction, Draw Summoning


You were on level 5 of the Dungeon.
You worshipped Nemelex Xobeh.
Nemelex Xobeh was noncommittal.
You were a tree.
You visited 2 branches of the dungeon, and saw 6 of its levels.

You collected 310 gold pieces.
You spent 112 gold pieces at shops.

Inventory:

Hand Weapons
 a - a +0 hand crossbow (weapon)
 b - a +0 quarterstaff
 s - a +2 dagger of venom
Missiles
 e - a throwing net
 h - 6 datura-tipped darts
 q - 4 atropa-tipped darts
 v - 5 poisoned darts
Armour
 g - a +0 cloak (melded)
 o - a +0 leather armour
 p - a +2 ring mail of fire resistance (melded)
Wands
 t - a wand of polymorph (3)
Scrolls
 c - a scroll of vulnerability
 j - 2 scrolls of fog {unknown}
 k - a scroll of teleportation {unknown}
 n - a scroll of enchant weapon
 w - a scroll of fear {unknown}
 x - a scroll of identify
 y - a scroll of magic mapping {unknown}
Potions
 f - 2 potions of curing
 i - 2 potions of flight
 l - 2 potions of heal wounds {unknown}
 m - 2 potions of cancellation
 r - a potion of might {unknown}


   Skills:
 - Level 4.1 Fighting
 * Level 5.8 Crossbows
 + Level 3.0 Armour
 - Level 1.7 Dodging
 - Level 1.1 Spellcasting
 + Level 3.7 Hexes


You had 4 spell levels left.
You knew the following spells:

 Your Spells              Type           Power      Damage    Failure   Level
a - Slow                  Hex            28%        N/A       8%          1
b - Inner Flame           Hex/Fire       4%         N/A       43%         3

Your spell library contained the following spells:

 Spells                   Type           Power      Damage    Failure   Level
 Foxfire                  Conj/Fire      0%         2x1d4     34%         1
 Portal Projectile        Hex/Tloc       8%         N/A       43%         3
 Sublimation of Blood     Necr           0%         N/A       45%         2
 Wereblood                Tmut           0%         N/A       45%         2
 Cause Fear               Hex            3%         N/A       58%         4
 Conjure Flame            Conj/Fire      0%         6-21      71%         3
 Flame Wave               Conj/Fire      0%         2d4       98%         4
 Summon Hydra             Summ           0%         N/A       100%        7


Dungeon Overview and Level Annotations

Branches:
Dungeon (5/15)             Temple (1/1) D:4

Altars:
Ashenzari
Dithmenos
Elyvilon
Gozag
Hepliaklqana
Kikubaaqudgha
Makhleb
Nemelex Xobeh
Qazlal
Sif Muna
Trog
Wu Jian
Xom
Yredelemnul
Zin
The Shining One

Shops:
D:2 [   D:4 *


Innate Abilities, Weirdness & Mutations

You are a tree.
Your roots penetrate the ground, keeping you stationary.
You cannot be teleported.
You are immune to unholy pain and torment.
Your maximum health is greatly increased.
Your equipment is partially melded.
You cannot be hasted, slowed, berserked, paralysed or teleported.
You can dig through walls and to a lower floor.
((You have a pair of large antennae on your head. (SInv)))
Your four strong arms can wield two-handed weapons with a shield.


Message History

Aim: a black bear (severely wounded, berserk, 70% to hit)
You shoot a bolt. The bolt barely misses the black bear.
The black bear misses you. The black bear barely misses you.
The black bear closely misses you. The black bear bites you.
* * * LOW HITPOINT WARNING * * *
The black bear claws you but does no damage.
The black bear closely misses you.
Shoot: a) +0 hand crossbow
Press: ? - help, Q - select action, (/) - cycle Shift-Dir - straight line, f/p - black bear
Aim: a black bear (severely wounded, berserk, 70% to hit)
You shoot a bolt. The bolt barely misses the black bear.
The black bear bites you!
* * * LOW HITPOINT WARNING * * *
The black bear claws you but does no damage. x2
The black bear barely misses you. x2
The black bear claws you but does no damage.
It was a potion of attraction.
You feel attractive to monsters.
The black bear bites you but does no damage.
The black bear claws you but does no damage.
The black bear barely misses you.
It was a potion of lignification.
You turn into a tree.
Your +0 cloak melds into your body.
Your +2 ring mail of fire resistance melds into your body.
You feel less resistant to fire.
Your roots penetrate the ground.
The black bear bites you but does no damage.
The black bear claws you but does no damage. x2
The black bear bites you but does no damage.
The black bear claws you.
* * * LOW HITPOINT WARNING * * *
The black bear claws you but does no damage.
Okay, then.
It was a potion of degeneration.
There was something very wrong with that liquid.
You feel weakened.
You feel dopey.
You feel clumsy.
The black bear bites you but does no damage.
The black bear claws you but does no damage.
The black bear claws you.
You die...
Your body disappears without a glow.

#......# ...
#.....#......#
...
#..).##......#
|.##....##......#
{
.......#########
{ ..$......|
.........
#h.......
#######♣.......
...............
?.......>......
.....##....##.#
..... #....##.#
.... #<.......
### ##........
#.........
#.........


You could see a black bear (berserk).

Vanquished Creatures
  Sigmund (D:3)
  A scorpion (D:4)
  A jelly (D:4)
  An orc priest (D:4)
  Jessica (D:3)
  Terence (D:3)
  An iguana (D:4)
  4 adders
  A shadow imp (D:4)
  An ufetubus (D:4)
  A worm (D:2)
  4 dart slugs
  6 orcs
  7 endoplasms
  3 giant cockroaches
  7 goblins
  7 hobgoblins
  6 jackals
  8 kobolds
  15 ball pythons
  8 bats
  4 frilled lizards
  8 rats
97 creatures vanquished.

Notes
Turn   | Place    | Note
-------+----------+-------------------------------------------
     0 | D:1      | Toastz the Formicid Arcane Marksman began the quest for the
                  | Orb.
     0 | D:1      | Reached XP level 1. HP: 15/15 MP: 2/2
    73 | D:1      | Reached XP level 2. HP: 21/21 MP: 1/3
   122 | D:1      | You fall into a shaft and drop 1 floor!
   506 | D:1      | Reached XP level 3. HP: 27/27 MP: 4/4
   575 | D:1      | Reached skill level 3 in Crossbows
   761 | D:1      | Found a faded altar of an unknown god.
  1137 | D:2      | Reached XP level 4. HP: 31/33 MP: 3/5
  1536 | D:2      | Found Bunyit's Antique Armour Shop.
  1582 | D:2      | Bought a glowing ring mail for 112 gold pieces
  2120 | D:3      | Found an ornate altar of the Wu Jian Council.
  2203 | D:3      | Reached skill level 4 in Crossbows
  2249 | D:3      | Noticed Sigmund
  2298 | D:3      | Killed Sigmund
  2299 | D:3      | Reached XP level 5. HP: 37/41 MP: 3/6
  2299 | D:3      | Reached XP level 6. HP: 42/47 MP: 3/7
  2395 | D:3      | Found a shadowy altar of Dithmenos.
  2471 | D:3      | Found a basalt altar of Yredelemnul.
  2770 | D:3      | Reached skill level 5 in Crossbows
  2771 | D:3      | Noticed Jessica
  2778 | D:3      | Noticed Terence
  2945 | D:3      | Killed Terence
  3032 | D:3      | Killed Jessica
  3163 | D:4      | Found a staircase to the Ecumenical Temple.
  3177 | Temple   | Entered the Ecumenical Temple
  3277 | Temple   | Became a worshipper of Nemelex Xobeh the Trickster
  3338 | D:4      | Found a broken altar of Ashenzari.
  3461 | D:4      | Reached XP level 7. HP: 27/53 MP: 5/8
  4369 | D:4      | Found Kiuserph's Assorted Antiques.
  4833 | D:5      | Entered Level 5 of the Dungeon
  4915 | D:4      | Learned a level 3 spell: Inner Flame
  5076 | D:5      | HP: 1/81 [black bear (5)]
  5077 | D:5      | Slain by a black bear

Illustrated notes

Levels and vault maps discovered:
D:1:      dpeg_arrival_arbitrary_c, layout_rooms,
          nicolae_ecumenical_snake_handling, hangedman_decor_points,
          hangedman_glass_teeth, minmay_pentomino_r4
D:2:      layout_basic, serial_shops, nicolae_square_shop, skrybe_limestone_x,
          minmay_tall_x
D:3:      layout_rooms, nzn_wu_jian_contemplation,
          mainiacjoe_overflow_catch_the_wave, uniq_sigmund, uniq_terence,
          uniq_jessica
D:4:      layout_basic, amcnicky_altar_gilded, temple_statues, serial_shops,
          kennysheep_mini, kennysheep_another_room
D:5:      layout_gridville, cheibrodos_worm_habitat, serial_shops,
          nicolae_shop_stone
Temple:   nicolae_temple_hex_pool

Skill      XL: |  1  2  3  4  5  6  7 |
---------------+----------------------+-----
Fighting       | 2 3 4 |  4.1
Crossbows      | 3 4 5 |  5.8
Armour         | 2 3 |  3.0
Dodging        | |  1.7
Spellcasting   | |  1.1
Hexes          | |  3.7

Action                   |  1- 3 |  4- 6 |  7- 9 || total
-------------------------+-------+-------+-------++-------
Melee: Quarterstaff      |       |    29 |       ||    29
       Unarmed           |       |     4 |       ||     4
 Fire: Hand crossbow     |   120 |   158 |   112 ||   390
 Cast: Slow              |     5 |    18 |    10 ||    33
 Abil: Shaft Self        |     1 |       |       ||     1
  Use: Scroll            |       |     4 |       ||     4
       Potion            |       |       |     3 ||     3
Armor: Robe              |    24 |     4 |       ||    28
       Ring mail         |       |    28 |    64 ||    92
       Skin              |       |       |     7 ||     7
Dodge: Dodged            |    63 |    85 |    82 ||   230

Table legend: (Time is in decaauts)
 A = Elapsed time spent in this place.
 B = Non-inter-level travel time spent in this place.
 C = Inter-level travel time spent in this place.
 D = Time resting spent in this place.
 E = Time spent auto-exploring this place.
 F = Levels seen in this place.
 G = Mean time per level.
                   A        B        C        D        E       F      G
               +--------+--------+--------+--------+--------+-----+--------+
         Total |   5210 |   4974 |    236 |   1141 |   2726 |   6 |  868.3 |
       Dungeon |   5096 |   4900 |    196 |   1141 |   2665 |   5 | 1019.2 |
        Temple |    113 |     73 |     40 |      0 |     61 |   1 |  113.0 |
               +--------+--------+--------+--------+--------+-----+--------+

Top non-repeatable levels by time:
     D:4: 1561 daAuts
     D:2: 1452 daAuts
     D:3: 1231 daAuts
     D:1: 798 daAuts
  Temple: 113 daAuts
     D:5: 53 daAuts
